 Dungeon Crawl Stone Soup version 0.24.0-123-gd5b16e6ec5 (webtiles) character file.

Game seed: 6371413636685425792, levelgen mode: deterministic

107 FishyPogo the Magician (level 4, -1/30 HPs)
             Began as a Demonspawn Wizard on Feb 4, 2020.
             Shot with a stone by a goblin (4 damage)
             ... on level 2 of the Dungeon on Feb 5, 2020.
             The game lasted 00:08:22 (1359 turns).

FishyPogo the Magician (Demonspawn Wizard)          Turns: 1359, Time: 00:08:23

Health: -1/30      AC:  4    Str:  8    XL:     4   Next: 57%
Magic:  5/10       EV: 12    Int: 20    God:
Gold:   14         SH:  0    Dex: 11    Spells: 5/11 levels left

rFire    . . .     SeeInvis .   c - +0 dagger (elec)
rCold    . . .     Gourm    .   (no shield)
rNeg     . . .     Faith    .   a - +0 robe
rPois    .         Spirit   .   b - +1 hat
rElec    .         Reflect  .   (no cloak)
rCorr    .         Harm     .   o - +0 pair of gloves
MR       .....                  (no boots)
Stlth    ++........             (no amulet)
HPRegen  0.10/turn              (no ring)
MPRegen  0.12/turn              (no ring)

@: very slightly contaminated
A: talons 2, demonic guardian 1
a: no special abilities


You were on level 2 of the Dungeon.
You were hungry.

You visited 1 branch of the dungeon, and saw 2 of its levels.

You collected 14 gold pieces.

Inventory:

Hand Weapons
 c - a +0 dagger of electrocution (weapon)
Missiles
 e - 40 stones (quivered)
 m - 3 boomerangs
Armour
 a - a +0 robe (worn)
 b - a +1 hat (worn)
 o - a +0 pair of gloves (worn)
Scrolls
 g - a scroll of blinking
 i - a scroll of enchant armour
 k - a scroll of identify
Potions
 f - a potion of might {unknown}
 j - 2 potions of brilliance {unknown}
 l - a potion of magic
 n - a potion of agility {unknown}
Comestibles
 d - 3 rations
 h - 2 chunks of flesh


   Skills:
 * Level 1.4 Short Blades
 - Level 2.0 Dodging
 - Level 2.0 Stealth
 * Level 4.1 Spellcasting
 + Level 2.2 Conjurations
   Level 1.0 Summonings
 - Level 0.8 Translocations


You had 5 spell levels left.
You knew the following spells:

 Your Spells              Type           Power        Failure   Level  Hunger
a - Magic Dart            Conj           ##..         4%          1    None
c - Mephitic Cloud        Conj/Pois/Air  #.......     28%         3    ###....
x - Blink                 Tloc           N/A          14%         2    #......

Your spell library contained the following spells:

 Spells                   Type           Power        Failure   Level  Hunger
 Call Imp                 Summ           #.......     13%         2    #......
 Slow                     Hex            #.......     19%         2    #......
 Conjure Flame            Conj/Fire      #.......     24%         3    ###....


Dungeon Overview and Level Annotations

Branches:
Dungeon (2/15)

Altars:
Vehumet


Innate Abilities, Weirdness & Mutations

You have razor-sharp toenails.
A weak demonic guardian rushes to your aid.


Message History

The orc dies!
Blink to where?
Press: ? - help, Dir - move target cursor You are very lightly contaminated with residual magic.
As you read the scroll labeled FYCOSE MOWNONN, it crumbles to dust.
It was a scroll of blinking.
The goblin is too close now for your liking.
The goblin shoots a stone.
The stone hits your quasit but does no damage.
Found a stone staircase leading down.
The goblin shoots a stone.
The stone completely misses your quasit.
The stone barely misses you.
You see here a stone.
Your quasit disappears in a puff of smoke!
The orc priest casts a cantrip, but nothing happens.
The orc priest hits your quasit with a +0 war axe!
Your quasit bites the orc priest.
Your quasit claws the orc priest. x2
The goblin shoots a stone.
The stone hits you.
You die...

......[.....§§# #.#
.........og##§# #.#
#.......#5.##§# #.#
#.......#..##g#####g#
#.......#..##§g5§§..#
#.......#..##########
#.......#..#
#.......#..#
#.......#@.# #..#
##..# #######...#
.........# #..###..##
#...# #.## #.##
##.... ...##.# #§)...
#.#..#


You could see an orc priest, a goblin and a friendly quasit.

Vanquished Creatures
  An orc priest (D:2)
  An adder (D:2)
  A worm (D:2)
  A dart slug (D:1)
  2 orcs (D:2)
  2 bats (D:1)
  2 giant cockroaches (D:1)
  3 goblins (D:1)
  4 hobgoblins (D:1)
  4 jackals (D:1)
  3 kobolds (D:1)
  A ball python (D:1)
  2 frilled lizards (D:1)
  A rat (D:1)
28 creatures vanquished.

Vanquished Creatures (collateral kills)
  A howler monkey (D:2)
  An orc (D:2)
2 creatures vanquished.

Vanquished Creatures (others)
  A kobold (D:2)
1 creature vanquished.

Grand Total: 31 creatures vanquished

Notes
Turn   | Place    | Note
-------+----------+-------------------------------------------
     0 | D:1      | FishyPogo the Demonspawn Wizard began the quest for the
                  | Orb.
     0 | D:1      | Reached XP level 1. HP: 13/13 MP: 4/4
   326 | D:1      | Gained mutation: You have sharp toenails. [demonic
                  | ancestry]
   326 | D:1      | Reached XP level 2. HP: 19/19 MP: 3/6
  1071 | D:1      | Gained mutation: A weak demonic guardian rushes to your
                  | aid. [demonic ancestry]
  1071 | D:1      | Reached XP level 3. HP: 23/24 MP: 5/8
  1105 | D:2      | Learned a level 2 spell: Blink
  1146 | D:2      | Learned a level 3 spell: Mephitic Cloud
  1151 | D:2      | Reached skill level 1 in Short Blades
  1151 | D:2      | Gained mutation: You have razor-sharp toenails. [demonic
                  | ancestry]
  1151 | D:2      | Reached XP level 4. HP: 25/30 MP: 2/9
  1168 | D:2      | Found a radiant altar of Vehumet.
  1310 | D:2      | Reached skill level 4 in Spellcasting
  1331 | D:2      | HP: 1/30 [orc priest/divine providence (9)]
  1359 | D:2      | Shot with a stone by a goblin

Levels and vault maps discovered:
D:1:      psy_arrival_basics, layout_basic
D:2:      cheibrodos_pilgrimage, layout_basic, fiery_altar_vehumet,
          kennysheep_generic_room_11

Skill      XL: |  1  2  3  4 |
---------------+-------------+-----
Stealth        | 2 |  2.0
Dodging        | 2 |  2.0
Short Blades   | 1 |  1.4
Conjurations   | 2 |  2.2
Spellcasting   | 4 |  4.1
Summonings     | |  1.0
Translocations | |  0.8

Action                   |  1- 3 |  4- 6 || total
-------------------------+-------+-------++-------
Melee: Unarmed           |    10 |       ||    10
       Dagger            |    74 |    10 ||    84
       Kick              |     8 |     2 ||    10
 Cast: Magic Dart        |    50 |     4 ||    54
       Mephitic Cloud    |     1 |     2 ||     3
  Use: Scroll            |       |     4 ||     4
 Stab: Sleeping          |     2 |       ||     2
       Confused          |       |     2 ||     2
  Eat: Chunk             |     1 |       ||     1
Armor: Robe              |    25 |     2 ||    27
Dodge: Dodged            |    57 |     7 ||    64
